AoeStats
← BeLieb10

Arabia

510389997Analyzed
1v1 RM · 1d ago on Sep 30, 2026· 45m 57s· 2 players
Game mode
Random Map
Map size
Tiny (2 player)
Population
200
Speed
Normal
Resources
Standard
Victory
Conquest
Starting age
Dark Age
Ending age
Imperial Age
RankedLock teamsTeams togetherTeam positionsShared explorationLock speedFull tech treeHidden civsTurbo modeCheats
Victory
Defeat
🇲🇽 Bulgarians · Mexico
939
+15
🇦🇷 Lithuanians · Argentina
919
-15
BeLieb10
7:28 Loom
10:11 Feudal Age
11:04 Feudal Age
15:37 Fletching
17:52 Double-Bit Axe
20:37 Scale Barding Armor
30:18 Castle Age
29:29 Forging
30:31 Scale Mail Armor
31:01 Horse Collar
34:18 Bow Saw
36:42 Chain Barding Armor
38:17 Gold Mining
alex_zaitsevae
10:23 Feudal Age
21:06 Double-Bit Axe
26:38 Castle Age
25:26 Fletching
25:47 Forging
25:27 Arson
26:25 Gold Mining
30:17 Iron Casting
30:06 Husbandry
30:18 Bloodlines
35:49 Bow Saw
38:48 Bodkin Arrow
Connection lost

Rejoining the realm…

Still unreachable

The connection could not be restored.

Session expired

The server has moved on; the page needs a fresh start.